[Event "FIDE WYCC Open U18 2023"]
[Site "Montesilvano"]
[Date "2023.11.13"]
[Round "1.19"]
[White "Chen, Hongsen"]
[Black "Bai, Adelard"]
[Result "1/2-1/2"]
[ECO "A17"]
[WhiteElo "2061"]
[BlackElo "2384"]
[Annotator "ChessBase"]
[PlyCount "319"]
[EventDate "2023.11.13"]
[EventType "swiss"]
[EventCountry "ITA"]
[SourceTitle "playchess.com"]
[Source "ChessBase"]
[SourceQuality "1"]
[TimeControl "40/5400+30:1800+30"]

1. Nf3 Nf6 2. c4 e6 3. Nc3 Bb4 4. Nb1 Bf8 5. Nc3 Bb4 6. Qb3 Bf8 7. Qd1 Bb4 8. Qb3 Bf8 9. Qd1 Bb4 10. Qb3 c5 11. a3 Bxc3 12. Qxc3 O-O 13. g3 b6 14. Bg2 Bb7 15. Bf1 Bc8 16. Bg2 Bb7 17. Bf1 Bc8 18. Bg2 Bb7 19. Bf1 Bc8 20. Bg2 Bb7 21. O-O d5 22. cxd5 Qxd5 23. d3 Nc6 24. e4 Qd7 25. Bg5 Qd5 26. Bc1 Qd7 27. Bg5 Ne8 28. Be3 Nc7 29. a4 Rfd8 30. Rfd1 Nd4 31. Nxd4 cxd4 32. Bxd4 Qxd4 33. Qxc7 Rd7 34. Qc2 Rdd8 35. Qc7 Rd7 36. Qc2 Rc8 37. Qd2 Rdc7 38. b3 Rc3 39. Rab1 h6 40. Qe3 Qb4 41. Qe1 Qd4 42. Qe3 Qb4 43. Qe1 Qd4 44. Qe3 Qb4 45. Qe1 Qd4 46. Qe3 Qb4 47. Qe1 Qd4 48. Qe3 Qb4 49. Qe1 Qd4 50. Qe3 Qb4 51. Qe1 Qd4 52. Qe3 Qb4 53. Qe1 Qa3 54. Qd2 Qb4 55. Qe1 Qd4 56. Qe3 Qb4 57. Qe1 Qa3 58. Qd2 Qb4 59. Qe1 Qd4 60. Qe3 Qb4 61. Qe1 Qa3 62. Qd2 Qb4 63. Qe1 Qd4 64. Qe3 Qb4 65. Qe1 Qa3 66. d4 Rxb3 67. Ra1 Qd6 68. a5 a6 69. axb6 Qxb6 70. d5 exd5 71. exd5 Rd8 72. Rab1 Rb5 73. Ra1 Rb3 74. Rab1 Rb5 75. Rxb5 axb5 76. Qe7 b4 77. Rb1 Ra8 78. Ra1 Rd8 79. Rb1 Ra8 80. Rxb4 Ra1+ 81. Bf1 Ra8 82. Bg2 Ra1+ 83. Bf1 Qa6 84. Qe8+ Kh7 85. Qe4+ Kg8 86. Qe8+ Kh7 87. Qe4+ Kg8 88. Qe8+ Kh7 89. Qe4+ g6 90. Rb1 Qa8 91. Rxa1 Qxa1 92. Qd3 Qa8 93. Qe4 Qa1 94. Qd3 Qa4 95. Qe4 Qa1 96. Qd3 Qa4 97. Be2 Qa1+ 98. Bf1 Qa4 99. Be2 Qa1+ 100. Bf1 Qa4 101. Be2 Qa1+ 102. Bd1 Ba6 103. Qd2 Bb7 104. Qd3 Ba6 105. Qd2 Bb7 106. Qd3 Ba6 107. Qd2 Bf1 108. h4 Qf6 109. Kh2 Bg2 110. Kxg2 Qd6 111. Qd4 h5 112. Kf3 Kg8 113. Ke4 f6 114. Kf3 Kf8 115. Kg2 Kg8 116. Qe4 Kf8 117. Kf3 Kf7 118. Kg2 Qd7 119. f3 Qd8 120. Qe6+ Kg7 121. d6 Qb8 122. Kf2 Qa8 123. f4 Qa7+ 124. Qe3 Qb8 125. Qe6 Qa8 126. Ke3 Qa7+ 127. Kd3 Qa6+ 128. Ke3 Qa3+ 129. Kd4 Qb4+ 130. Kd3 Qa3+ 131. Ke2 Qb2+ 132. Kf3 Qc3+ 133. Kg2 Qd2+ 134. Kh3 Qxd1 135. Kg2 Qd2+ 136. Kh3 Qd1 137. Qd7+ Kh6 138. Qc6 Qf1+ 139. Kh2 Qe2+ 140. Kg1 Qe1+ 141. Kh2 Qe2+ 142. Qg2 Qd1 143. Qc6 Qe2+ 144. Kg1 Qe1+ 145. Kh2 Qe2+ 146. Qg2 Qd1 147. Qa8 Qe2+ 148. Qg2 Qd1 149. Qc6 Qe2+ 150. Kg1 Qe1+ 151. Kh2 Qe2+ 152. Qg2 Qd1 153. Qa8 Qe2+ 154. Qg2 Qd1 155. Qc6 Qe2+ 156. Kg1 Qe1+ 157. Kh2 Qe2+ 158. Qg2 Qd1 159. Qa8 Qe2+ 160. Qg2 1/2-1/2

[Event "FIDE WYCC Open U18 2023"]
[Site "Montesilvano"]
[Date "2023.11.13"]
[Round "1.20"]
[White "Novosel, Lovro"]
[Black "Hommadov, Amanmuhammet"]
[Result "1-0"]
[ECO "E62"]
[WhiteElo "2375"]
[BlackElo "2055"]
[Annotator "ChessBase"]
[PlyCount "59"]
[EventDate "2023.11.13"]
[EventType "swiss"]
[EventCountry "ITA"]
[SourceTitle "playchess.com"]
[Source "ChessBase"]
[SourceQuality "1"]
[TimeControl "40/5400+30:1800+30"]

1. d4 Nf6 2. Nf3 g6 3. g3 Bg7 4. Bg2 O-O 5. O-O c6 6. c4 d6 7. Nc3 Bf5 8. Nb1 Bc8 9. Nc3 Bf5 10. Re1 Ne4 11. Qb3 Nxc3 12. bxc3 Qc7 13. e4 Be6 14. Bf4 Bf5 15. Bc1 Be6 16. Bf4 Bg4 17. e5 c5 18. exd6 exd6 19. dxc5 Qxc5 20. Rad1 Qc8 21. Bxd6 Rd8 22. c5 Nc6 23. Rd3 h6 24. Nd4 Qd7 25. Bxc6 bxc6 26. Re7 Qxe7 27. Bxe7 Rd5 28. Qb7 Re8 29. Qxc6 Rd7 30. Bd6 1-0

[Event "FIDE WYCC Open U18 2023"]
[Site "Montesilvano"]
[Date "2023.11.13"]
[Round "1.21"]
[White "Gu, Xianghan"]
[Black "Cesar Maestre, Bernardo"]
[Result "1/2-1/2"]
[ECO "B30"]
[WhiteElo "2049"]
[BlackElo "2373"]
[Annotator "ChessBase"]
[PlyCount "88"]
[EventDate "2023.11.13"]
[EventType "swiss"]
[EventCountry "ITA"]
[SourceTitle "playchess.com"]
[Source "ChessBase"]
[SourceQuality "1"]
[TimeControl "40/5400+30:1800+30"]

1. e4 c5 2. Nc3 Nc6 3. Bb5 Nd4 4. Bc4 e6 5. Nf3 a6 6. a4 Nf6 7. d3 d5 8. Ba2 Nc6 9. O-O Be7 10. Bf4 O-O 11. Re1 d4 12. Ne2 b5 13. e5 Nd7 14. axb5 axb5 15. c3 Qb6 16. Ng3 Bb7 17. Ne4 Rfd8 18. Qe2 Nf8 19. Bb3 Na5 20. Bc2 Rac8 21. Bg5 Bxg5 22. Nfxg5 h6 23. Nf3 Bxe4 24. Qxe4 b4 25. c4 Nc6 26. Nd2 Ne7 27. Bd1 Rc7 28. Bf3 Nfg6 29. Bh5 Ra7 30. Nb3 Rdd7 31. Bf3 Rdc7 32. g3 Nc6 33. Rxa7 Qxa7 34. Ra1 Qb6 35. Bh5 Ncxe5 36. f4 Nd7 37. Bxg6 fxg6 38. Qxg6 Nf8 39. Qh5 Ra7 40. Re1 Ra2 41. Re2 Qc6 42. Rd2 Nd7 43. Kf2 Qh1 44. Qh3 Kh8 1/2-1/2

[Event "FIDE WYCC Open U18 2023"]
[Site "Montesilvano"]
[Date "2023.11.13"]
[Round "1.22"]
[White "Olsson, William"]
[Black "Kenbeilov, Timur"]
[Result "1-0"]
[ECO "A34"]
[WhiteElo "2372"]
[BlackElo "2044"]
[Annotator "ChessBase"]
[PlyCount "37"]
[EventDate "2023.11.13"]
[EventType "swiss"]
[EventCountry "ITA"]
[SourceTitle "playchess.com"]
[Source "ChessBase"]
[SourceQuality "1"]
[TimeControl "40/5400+30:1800+30"]

1. c4 e6 2. Nf3 Nf6 3. g3 d5 4. Bg2 c5 5. cxd5 Nxd5 6. O-O Nc6 7. Nc3 Be7 8. e3 O-O 9. d4 b6 10. e4 Nxc3 11. bxc3 cxd4 12. cxd4 Ba6 13. Re1 Rc8 14. Qa4 Bd3 15. Bd2 b5 16. Qa6 Nxd4 17. Nxd4 Qxd4 18. Be3 b4 19. Qxc8 1-0

[Event "FIDE WYCC Open U18 2023"]
[Site "Montesilvano"]
[Date "2023.11.13"]
[Round "1.23"]
[White "Oluka Robert Mcligeyo"]
[Black "Mayank Chakraborty"]
[Result "0-1"]
[ECO "C78"]
[WhiteElo "2038"]
[BlackElo "2368"]
[Annotator "ChessBase"]
[PlyCount "62"]
[EventDate "2023.11.13"]
[EventType "swiss"]
[EventCountry "ITA"]
[SourceTitle "playchess.com"]
[Source "ChessBase"]
[SourceQuality "1"]
[TimeControl "40/5400+30:1800+30"]

1. e4 e5 2. Nf3 Nc6 3. Bb5 a6 4. Ba4 Nf6 5. d3 b5 6. Bb3 Bc5 7. O-O O-O 8. c3 d6 9. Bg5 h6 10. Be3 Bxe3 11. fxe3 Na5 12. Bc2 c5 13. Nbd2 Rb8 14. Qe1 Nc6 15. Nh4 Be6 16. Nf5 Bxf5 17. Rxf5 Ne7 18. Rf1 Ng6 19. Bb3 a5 20. a4 c4 21. Ba2 cxd3 22. Qg3 bxa4 23. Qxg6 Rxb2 24. Bxf7+ Rxf7 25. Nf3 Qb6 26. Kh1 Qxe3 27. Rxa4 d2 28. Rxa5 Qxe4 29. Qxe4 Nxe4 30. Ra8+ Kh7 31. Raa1 Nf2+ 0-1

[Event "FIDE WYCC Open U18 2023"]
[Site "Montesilvano"]
[Date "2023.11.13"]
[Round "1.24"]
[White "Manish Anto Cristiano F"]
[Black "Wang, Ruicheng"]
[Result "1-0"]
[ECO "A21"]
[WhiteElo "2366"]
[BlackElo "2034"]
[Annotator "ChessBase"]
[PlyCount "55"]
[EventDate "2023.11.13"]
[EventType "swiss"]
[EventCountry "ITA"]
[SourceTitle "playchess.com"]
[Source "ChessBase"]
[SourceQuality "1"]
[TimeControl "40/5400+30:1800+30"]

1. c4 e5 2. Nc3 Bb4 3. g3 Bxc3 4. dxc3 d6 5. Bg2 Nc6 6. e4 Nge7 7. Nf3 O-O 8. O-O f5 9. exf5 Bxf5 10. Re1 Qd7 11. c5 Rad8 12. Qb3+ Be6 13. Qxb7 Bc4 14. cxd6 Qxd6 15. Bg5 Rd7 16. Bxe7 Rxe7 17. Ng5 e4 18. Nxe4 Qe6 19. b3 Rb8 20. Nf6+ Qxf6 21. Qxc6 Rxe1+ 22. Rxe1 Qxc6 23. Bxc6 Bb5 24. Bxb5 Rxb5 25. Re7 Rc5 26. c4 a5 27. a4 Rc6 28. Re5 1-0

[Event "FIDE WYCC Open U18 2023"]
[Site "Montesilvano"]
[Date "2023.11.13"]
[Round "1.25"]
[White "Arun Kataria"]
[Black "Talibov, Shiroghlan"]
[Result "1/2-1/2"]
[ECO "B45"]
[WhiteElo "2034"]
[BlackElo "2362"]
[Annotator "ChessBase"]
[PlyCount "75"]
[EventDate "2023.11.13"]
[EventType "swiss"]
[EventCountry "ITA"]
[SourceTitle "playchess.com"]
[Source "ChessBase"]
[SourceQuality "1"]
[TimeControl "40/5400+30:1800+30"]

1. e4 c5 2. Nf3 e6 3. d4 cxd4 4. Nxd4 Nf6 5. Nc3 Nc6 6. Nxc6 bxc6 7. e5 Nd5 8. Ne4 Qc7 9. f4 Qb6 10. c4 Bb4+ 11. Ke2 f5 12. exf6 Nxf6 13. Be3 Qd8 14. Nd6+ Bxd6 15. Qxd6 Bb7 16. Kd1 Rc8 17. Bd3 c5 18. Kc2 Rc6 19. Qe5 O-O 20. Bxc5 Re8 21. Bd4 Ba6 22. Rac1 Bxc4 23. Bxc4 Rxc4+ 24. Kb1 d6 25. Qe3 Nd5 26. Qd2 Ra4 27. Rhd1 Qd7 28. b3 Ra6 29. Bb2 Qf7 30. Rc4 Rb8 31. Rdc1 Qg6+ 32. Qc2 Qxc2+ 33. R1xc2 Kf7 34. g3 g6 35. Rc8 Rxc8 36. Rxc8 g5 37. fxg5 e5 38. Rc4 1/2-1/2

[Event "FIDE WYCC Open U18 2023"]
[Site "Montesilvano"]
[Date "2023.11.13"]
[Round "1.26"]
[White "Wong, Zhenyong Jayden"]
[Black "Miotto, Alberto"]
[Result "1-0"]
[ECO "E05"]
[WhiteElo "2356"]
[BlackElo "2017"]
[Annotator "ChessBase"]
[PlyCount "65"]
[EventDate "2023.11.13"]
[EventType "swiss"]
[EventCountry "ITA"]
[SourceTitle "playchess.com"]
[Source "ChessBase"]
[SourceQuality "1"]
[TimeControl "40/5400+30:1800+30"]

1. Nf3 e6 2. g3 d5 3. Bg2 Nf6 4. O-O Be7 5. c4 O-O 6. d4 dxc4 7. Qc2 b6 8. Bg5 Nd5 9. Bxe7 Qxe7 10. Nbd2 Ba6 11. Nxc4 c5 12. Rac1 Rc8 13. e4 Nb4 14. Qb3 cxd4 15. e5 Qc5 16. Nfd2 Nd5 17. Bxd5 Qxd5 18. Nd6 Rc5 19. Qxd5 exd5 20. b4 Bxf1 21. bxc5 Bc4 22. N2xc4 dxc4 23. Rxc4 bxc5 24. Rxc5 Nd7 25. Rd5 Kf8 26. Nb5 Rb8 27. Nxa7 Rb1+ 28. Kg2 Ke8 29. Nc6 Ra1 30. Ra5 d3 31. Ra8+ Nb8 32. Rxb8+ Kd7 33. e6+ 1-0

[Event "FIDE WYCC Open U18 2023"]
[Site "Montesilvano"]
[Date "2023.11.13"]
[Round "1.27"]
[White "Vasynda, Oleksandr"]
[Black "Popov, Konstantin"]
[Result "0-1"]
[ECO "D02"]
[WhiteElo "2001"]
[BlackElo "2345"]
[Annotator "ChessBase"]
[PlyCount "98"]
[EventDate "2023.11.13"]
[EventType "swiss"]
[EventCountry "ITA"]
[SourceTitle "playchess.com"]
[Source "ChessBase"]
[SourceQuality "1"]
[TimeControl "40/5400+30:1800+30"]

1. d4 d5 2. Nf3 Nf6 3. Bf4 c5 4. e3 Nc6 5. c3 Qb6 6. Qc2 g6 7. Bd3 c4 8. Be2 Bf5 9. Qc1 Bg7 10. Nbd2 Nh5 11. Bg5 h6 12. Bh4 g5 13. Bg3 Nxg3 14. hxg3 Qd8 15. Bd1 e5 16. dxe5 g4 17. Nd4 Nxe5 18. O-O Nd3 19. Qc2 Bxd4 20. cxd4 b5 21. Nb3 Qf6 22. Nc1 h5 23. Qd2 h4 24. Bc2 h3 25. f3 hxg2 26. Qxg2 Qh6 27. Nxd3 cxd3 28. Bd1 Rc8 29. e4 gxf3 30. Bxf3 Rc2 31. exf5 Rxg2+ 32. Bxg2 Qe3+ 33. Rf2 Rg8 34. Kf1 Qxd4 35. Rf3 d2 36. Rd1 Kf8 37. Ke2 Qe5+ 38. Re3 Qxf5 39. Rxd2 Qg4+ 40. Bf3 Qxg3 41. Bxd5 Qf4 42. Bc6 Rg1 43. Bf3 Qc4+ 44. Red3 Qxa2 45. Kf2 Qb1 46. Ke3 Qe1+ 47. Kd4 Rg5 48. Kc3 Qc1+ 49. Kd4 Qc5+ 0-1

[Event "FIDE WYCC Open U18 2023"]
[Site "Montesilvano"]
[Date "2023.11.13"]
[Round "1.28"]
[White "Krallis, Christos"]
[Black "Velkoski, Stojan"]
[Result "1-0"]
[ECO "A13"]
[WhiteElo "2339"]
[BlackElo "1985"]
[Annotator "RC"]
[PlyCount "35"]
[EventDate "2023.11.13"]
[EventType "swiss"]
[EventCountry "ITA"]
[SourceTitle "playchess.com"]
[Source "ChessBase"]
[SourceQuality "1"]
[TimeControl "40/5400+30:1800+30"]

1. c4 Nf6 2. g3 e6 3. Bg2 d5 4. Nf3 dxc4 5. O-O c5 6. Na3 Nc6 7. Nxc4 Rb8 8. d4 b5 9. Nce5 Bb7 10. Bf4 Rc8 11. Qb3 Qb6 12. a4 b4 13. a5 Qb5 14. Nxf7 c4 15. Qe3 Kxf7 16. Ng5+ Kg6 17. a6 Bxa6 18. Qxe6 1-0

[Event "FIDE WYCC Open U18 2023"]
[Site "Montesilvano"]
[Date "2023.11.13"]
[Round "1.29"]
[White "Iskos, Lukas"]
[Black "Baranciuc, Alexandr"]
[Result "0-1"]
[ECO "D02"]
[WhiteElo "1971"]
[BlackElo "2338"]
[Annotator "ChessBase"]
[PlyCount "56"]
[EventDate "2023.11.13"]
[EventType "swiss"]
[EventCountry "ITA"]
[SourceTitle "playchess.com"]
[Source "ChessBase"]
[SourceQuality "1"]
[TimeControl "40/5400+30:1800+30"]

1. d4 d5 2. Nf3 Nf6 3. Bf4 c5 4. e3 Nc6 5. Nbd2 Nh5 6. Bg5 h6 7. Bh4 g5 8. Ne5 Nxe5 9. dxe5 Ng7 10. Bg3 Nf5 11. c3 Bg7 12. Qf3 h5 13. Bb5+ Kf8 14. h3 Nxg3 15. fxg3 Be6 16. O-O Bxe5 17. e4 g4 18. Qe2 d4 19. Bc4 Qd6 20. Nb3 b6 21. Rad1 Rd8 22. Bxe6 Qxe6 23. Qf2 gxh3 24. cxd4 hxg2 25. Kxg2 cxd4 26. Nxd4 Bxd4 27. Rxd4 Kg7 28. Qd2 Qxe4+ 0-1

[Event "FIDE WYCC Open U18 2023"]
[Site "Montesilvano"]
[Date "2023.11.13"]
[Round "1.30"]
[White "Bacojo, Mark Jay"]
[Black "Kosta, Kelvin"]
[Result "1-0"]
[ECO "E11"]
[WhiteElo "2335"]
[BlackElo "1969"]
[Annotator "ChessBase"]
[PlyCount "121"]
[EventDate "2023.11.13"]
[EventType "swiss"]
[EventCountry "ITA"]
[SourceTitle "playchess.com"]
[Source "ChessBase"]
[SourceQuality "1"]
[TimeControl "40/5400+30:1800+30"]

1. d4 Nf6 2. c4 e6 3. Nf3 Bb4+ 4. Nbd2 O-O 5. Qc2 d5 6. e3 b6 7. a3 Bxd2+ 8. Bxd2 Bb7 9. b4 dxc4 10. Bxc4 Nbd7 11. Rd1 Rc8 12. O-O h6 13. Ne5 b5 14. Bb3 Nxe5 15. dxe5 Nd7 16. Bc3 Qe7 17. Qe2 a6 18. f4 Nb6 19. e4 Rcd8 20. Bd4 Rfe8 21. Qf2 Rd7 22. f5 Bxe4 23. f6 Qd8 24. fxg7 Nd5 25. h4 Kxg7 26. Bxd5 Bxd5 27. Qg3+ Kh7 28. Qd3+ Kg7 29. Rf6 Rg8 30. Rd2 Rh8 31. Rdf2 Qg8 32. Bc5 Rh7 33. Qe3 Bc6 34. h5 Kh8 35. Qf4 Qg5 36. Qxg5 hxg5 37. h6 g4 38. Rxe6 Rd1+ 39. Kh2 Rd3 40. g3 Bd7 41. Rxa6 Bc8 42. Raf6 Bb7 43. Bf8 Bf3 44. Kg1 Rxa3 45. Rd2 Ra8 46. Bg7+ Rxg7 47. hxg7+ Kxg7 48. Rd7 Rf8 49. Rxc7 Bd5 50. Rd6 Bc4 51. e6 Ra8 52. Rxf7+ Kg8 53. Rfd7 Ra1+ 54. Rd1 Ra3 55. Rd8+ Kg7 56. e7 Rxg3+ 57. Kh2 Rh3+ 58. Kg2 Be2 59. e8=Q Bf3+ 60. Kf2 Rh2+ 61. Kg3 1-0

[Event "FIDE WYCC Open U18 2023"]
[Site "Montesilvano"]
[Date "2023.11.13"]
[Round "1.31"]
[White "Hartofylakas, Spyros"]
[Black "Frank, Adam"]
[Result "1/2-1/2"]
[ECO "B51"]
[WhiteElo "1966"]
[BlackElo "2330"]
[Annotator "ChessBase"]
[PlyCount "107"]
[EventDate "2023.11.13"]
[EventType "swiss"]
[EventCountry "ITA"]
[SourceTitle "playchess.com"]
[Source "ChessBase"]
[SourceQuality "1"]
[TimeControl "40/5400+30:1800+30"]

1. e4 c5 2. Nf3 d6 3. Bb5+ Nd7 4. d4 cxd4 5. Nxd4 Ngf6 6. O-O a6 7. Bd3 Nc5 8. Re1 g6 9. c4 Bg7 10. Nc3 Nxd3 11. Qxd3 O-O 12. f3 Nd7 13. Be3 Ne5 14. Qe2 Bd7 15. Rac1 Rc8 16. b3 f5 17. exf5 gxf5 18. Qd2 f4 19. Bf2 Kh8 20. Nd5 b5 21. cxb5 axb5 22. Rxc8 Qxc8 23. Nxe7 Qe8 24. Nd5 Qf7 25. Nb6 Be8 26. a4 bxa4 27. bxa4 Qg6 28. a5 Nd3 29. Rd1 Nxf2 30. Qxf2 d5 31. Qe1 Bf7 32. Qb4 Re8 33. a6 Bf8 34. Qb5 Re7 35. Qc6 Qg5 36. Nd7 Bg7 37. a7 Bxd4+ 38. Rxd4 Re1+ 39. Kf2 Qh4+ 40. g3 Qxh2+ 41. Kxe1 Qg1+ 42. Kd2 Qxd4+ 43. Kc2 Qxa7 44. Qf6+ Kg8 45. Qd8+ Kg7 46. Qf8+ Kg6 47. Qd6+ Kg7 48. Qf8+ Kg6 49. Qd6+ Kg7 50. Qe5+ Kg8 51. Nf6+ Kf8 52. Nxh7+ Kg8 53. Nf6+ Kf8 54. Nh7+ 1/2-1/2

[Event "FIDE WYCC Open U18 2023"]
[Site "Montesilvano"]
[Date "2023.11.14"]
[Round "2.1"]
[White "Talibov, Shiroghlan"]
[Black "Gu, Xianghan"]
[Result "1/2-1/2"]
[ECO "C41"]
[WhiteElo "2362"]
[BlackElo "2049"]
[Annotator "ChessBase"]
[PlyCount "117"]
[EventDate "2023.11.13"]
[EventType "swiss"]
[EventCountry "ITA"]
[SourceTitle "playchess.com"]
[Source "ChessBase"]
[SourceQuality "1"]
[TimeControl "40/5400+30:1800+30"]

1. e4 d6 2. d4 Nf6 3. Nc3 e5 4. Nf3 exd4 5. Nxd4 Be7 6. g3 d5 7. e5 Ng4 8. Bg2 Nxe5 9. Qe2 Nec6 10. Be3 Nxd4 11. Bxd4 O-O 12. Nxd5 Bb4+ 13. Nxb4 Qxd4 14. Nd5 Qxb2 15. O-O Nc6 16. Nxc7 Rb8 17. Rab1 Qc3 18. Qe4 Qa5 19. Qf4 Bd7 20. a4 Ne5 21. Nb5 Ng6 22. Qb4 Qxb4 23. Rxb4 Rfc8 24. Nxa7 Rxc2 25. Rd1 Nf8 26. Ra1 Ne6 27. Be4 Rc3 28. Nb5 Bxb5 29. Rxb5 Nc5 30. Bd5 Ra8 31. a5 Ra7 32. a6 Rxa6 33. Rxa6 Nxa6 34. Rxb7 g6 35. Bxf7+ Kh8 36. Rb6 Nc5 37. h4 Kg7 38. Bd5 Rd3 39. Bc4 Rc3 40. Be2 Ne4 41. Rb7+ Kg8 42. Bg4 Kh8 43. Kg2 Rc2 44. Rf7 Nd6 45. Rf4 Rc4 46. Kf3 Rxf4+ 47. Kxf4 Kg7 48. Ke5 Ne8 49. Bd7 Nf6 50. Be6 h6 51. g4 Nh7 52. f3 Nf6 53. g5 hxg5 54. hxg5 Nh7 55. f4 Nf8 56. Kd6 Nh7 57. Ke7 Nf8 58. Bc4 Nh7 59. Bd3 1/2-1/2

[Event "FIDE WYCC Open U18 2023"]
[Site "Montesilvano"]
[Date "2023.11.14"]
[Round "2.1"]
[White "Sahakyan, Aleks"]
[Black "Ohanyan, Emin"]
[Result "0-1"]
[ECO "D30"]
[WhiteElo "2303"]
[BlackElo "2466"]
[Annotator "ChessBase"]
[PlyCount "96"]
[EventDate "2023.11.13"]
[EventType "swiss"]
[EventCountry "ITA"]
[SourceTitle "playchess.com"]
[Source "ChessBase"]
[SourceQuality "1"]
[TimeControl "40/5400+30:1800+30"]

1. c4 e6 2. g3 d5 3. Bg2 Nf6 4. Nf3 dxc4 5. Qa4+ c6 6. Qxc4 b5 7. Qb3 Bb7 8. d4 a6 9. O-O Nbd7 10. Ne5 Nxe5 11. dxe5 Nd5 12. Nc3 Be7 13. Rd1 Qb8 14. Nxd5 cxd5 15. Bf4 O-O 16. e4 dxe4 17. Qe3 Rd8 18. Bxe4 Bc5 19. Qf3 Bxe4 20. Rxd8+ Qxd8 21. Qxe4 Rc8 22. Rc1 Bf8 23. Kg2 Rxc1 24. Bxc1 Qd1 25. Qc6 Qa4 26. a3 Qd4 27. Qc7 h5 28. b4 Qe4+ 29. Kg1 h4 30. gxh4 Qg4+ 31. Kf1 Qxh4 32. Be3 Qxh2 33. Bc5 Qh1+ 34. Ke2 Qa8 35. f3 g6 36. Bxf8 Kxf8 37. Qd6+ Kg7 38. Qe7 a5 39. Qc5 axb4 40. axb4 Qb7 41. Qd6 Qa7 42. Qc5 Qd7 43. Ke3 g5 44. Qd4 Qxd4+ 45. Kxd4 f5 46. exf6+ Kxf6 47. Kc5 e5 48. Kxb5 e4 0-1

[Event "FIDE WYCC Open U18 2023"]
[Site "Montesilvano"]
[Date "2023.11.14"]
[Round "2.2"]
[White "Razafindratsima, Timothe"]
[Black "Orozbaev, Eldiar"]
[Result "1/2-1/2"]
[ECO "C02"]
[WhiteElo "2462"]
[BlackElo "2278"]
[Annotator "ChessBase"]
[PlyCount "79"]
[EventDate "2023.11.13"]
[EventType "swiss"]
[EventCountry "ITA"]
[SourceTitle "playchess.com"]
[Source "ChessBase"]
[SourceQuality "1"]
[TimeControl "40/5400+30:1800+30"]

1. e4 e6 2. d4 d5 3. e5 c5 4. c3 Nc6 5. Nf3 Bd7 6. Be2 f6 7. O-O fxe5 8. Nxe5 Nxe5 9. dxe5 Qc7 10. Re1 O-O-O 11. a4 Qxe5 12. Bf3 Qc7 13. Na3 a6 14. c4 Nf6 15. Nb5 axb5 16. axb5 Qb8 17. g3 e5 18. Rxe5 Bd6 19. Re3 Bf5 20. Rea3 Kd7 21. Bg5 Be6 22. cxd5 Bf5 23. b6 Be5 24. Re3 Rde8 25. Ra7 Kd8 26. Qa4 Bd7 27. Qa5 Bc8 28. Ra8 Qd6 29. Bg4 Ke7 30. Bxc8 Rxc8 31. Rxc8 Rxc8 32. Bf4 Ng4 33. Bxe5 Qxd5 34. Re1 Nxe5 35. f4 Qd4+ 36. Kg2 Qd5+ 37. Kg1 Qd4+ 38. Kf1 Qd3+ 39. Kg1 Qd4+ 40. Kf1 1/2-1/2

[Event "FIDE WYCC Open U18 2023"]
[Site "Montesilvano"]
[Date "2023.11.14"]
[Round "2.2"]
[White "Frank, Adam"]
[Black "Giordani, Luca"]
[Result "1-0"]
[ECO "B94"]
[WhiteElo "2330"]
[BlackElo "1930"]
[Annotator "ChessBase"]
[PlyCount "69"]
[EventDate "2023.11.13"]
[EventType "swiss"]
[EventCountry "ITA"]
[SourceTitle "playchess.com"]
[Source "ChessBase"]
[SourceQuality "1"]
[TimeControl "40/5400+30:1800+30"]

1. e4 c5 2. Nf3 d6 3. d4 cxd4 4. Nxd4 Nf6 5. Nc3 a6 6. Bg5 Nbd7 7. Qe2 h6 8. Bh4 g6 9. f4 Bg7 10. O-O-O Qc7 11. g4 O-O 12. Bg2 Nb6 13. h3 Qc4 14. Rhe1 Qxe2 15. Rxe2 e5 16. fxe5 dxe5 17. Nb3 Nc4 18. Nc5 b6 19. Nd3 Re8 20. b3 Na5 21. Nb4 Rb8 22. Ncd5 Nxd5 23. exd5 Bf8 24. d6 Bd7 25. Nxa6 Bb5 26. Nxb8 g5 27. Ree1 gxh4 28. Rd5 Rxb8 29. Rxb5 Bxd6 30. Rd1 Bc5 31. Rd7 h5 32. gxh5 f5 33. Bd5+ Kh8 34. b4 Be3+ 35. Kd1 1-0

[Event "FIDE WYCC Open U18 2023"]
[Site "Montesilvano"]
[Date "2023.11.14"]
[Round "2.3"]
[White "Marakovits, Nico"]
[Black "Aversa, Filippo"]
[Result "1-0"]
[ECO "A11"]
[WhiteElo "2324"]
[BlackElo "1715"]
[Annotator "ChessBase"]
[PlyCount "83"]
[EventDate "2023.11.13"]
[EventType "swiss"]
[EventCountry "ITA"]
[SourceTitle "playchess.com"]
[Source "ChessBase"]
[SourceQuality "1"]
[TimeControl "40/5400+30:1800+30"]

1. c4 c6 2. Nf3 d5 3. e3 Nf6 4. Nc3 e6 5. b3 Bd6 6. Bb2 Nbd7 7. Qc2 b6 8. cxd5 cxd5 9. Nb5 Bb8 10. Ba3 Bb7 11. Rc1 a6 12. Nc7+ Bxc7 13. Qxc7 Qc8 14. Qg3 Qd8 15. Qc7 Qc8 16. Be2 Ne4 17. d3 Nec5 18. Qg3 Qd8 19. Qxg7 Qf6 20. Qxf6 Nxf6 21. Bxc5 bxc5 22. Rxc5 Kd7 23. Ne5+ Kd6 24. d4 Rhf8 25. f3 Ne8 26. Kd2 f6 27. Nd3 Ng7 28. Rhc1 Rac8 29. Rxc8 Rxc8 30. Rxc8 Bxc8 31. Nc5 a5 32. Bd3 h6 33. Bc2 e5 34. Kc3 Nf5 35. Bxf5 Bxf5 36. Nb7+ Kc6 37. Nxa5+ Kb6 38. b4 Bd7 39. Nb3 Bb5 40. Nc5 Kc6 41. a4 Bf1 42. g3 1-0

[Event "FIDE WYCC Open U18 2023"]
[Site "Montesilvano"]
[Date "2023.11.14"]
[Round "2.3"]
[White "Stepanencu, Nicodim-Cosmin"]
[Black "Galaviz Medina, Sion Radamantys"]
[Result "0-1"]
[ECO "D55"]
[WhiteElo "2289"]
[BlackElo "2461"]
[Annotator "ChessBase"]
[PlyCount "66"]
[EventDate "2023.11.13"]
[EventType "swiss"]
[EventCountry "ITA"]
[SourceTitle "playchess.com"]
[Source "ChessBase"]
[SourceQuality "1"]
[TimeControl "40/5400+30:1800+30"]

1. d4 d5 2. c4 e6 3. Nc3 Nf6 4. Bg5 Be7 5. e3 O-O 6. Nf3 h6 7. Bxf6 Bxf6 8. Rc1 c6 9. Bd3 Nd7 10. O-O Re8 11. e4 dxc4 12. Bxc4 Nf8 13. d5 exd5 14. exd5 Bg4 15. Qd3 b5 16. Bb3 Ng6 17. Nd4 Ne5 18. Qd2 c5 19. Ndxb5 Bf3 20. Qf4 Bg5 21. Qg3 Bxc1 22. Rxc1 c4 23. gxf3 cxb3 24. f4 Ng6 25. axb3 a6 26. f5 axb5 27. fxg6 fxg6 28. Nxb5 Qxd5 29. Nc7 Qd2 30. Rf1 Ra5 31. h4 Re1 32. b4 Raa1 33. Qb3+ Kh7 0-1

[Event "FIDE WYCC Open U18 2023"]
[Site "Montesilvano"]
[Date "2023.11.14"]
[Round "2.4"]
[White "Kostolansky, Sebastian Lukas"]
[Black "Kristoferitsch, Daniel"]
[Result "1/2-1/2"]
[ECO "B52"]
[WhiteElo "2427"]
[BlackElo "2270"]
[Annotator "ChessBase"]
[PlyCount "111"]
[EventDate "2023.11.13"]
[EventType "swiss"]
[EventCountry "ITA"]
[SourceTitle "playchess.com"]
[Source "ChessBase"]
[SourceQuality "1"]
[TimeControl "40/5400+30:1800+30"]

1. e4 c5 2. Nf3 d6 3. Bb5+ Bd7 4. Bxd7+ Nxd7 5. O-O Ngf6 6. Qe2 e6 7. c3 Be7 8. d4 O-O 9. e5 Ne8 10. Rd1 cxd4 11. cxd4 Nc7 12. Nc3 Nb6 13. Ne4 Ncd5 14. Bd2 Rc8 15. Rac1 Qd7 16. exd6 Bxd6 17. Nc5 Qe7 18. Bg5 f6 19. Bd2 Rfe8 20. b4 Nf4 21. Qb5 Nbd5 22. g3 a6 23. Qf1 Ng6 24. Re1 Nf8 25. a3 b6 26. Ne4 a5 27. Rxc8 Rxc8 28. Qa6 Rc7 29. bxa5 Ra7 30. Qb5 bxa5 31. Nc5 Nc7 32. Qc4 Qe8 33. a4 Qc6 34. Nh4 Nd5 35. Qb5 Qxb5 36. axb5 Kf7 37. Ng2 a4 38. Ne3 Nb6 39. Nc2 Rc7 40. Bb4 Nd5 41. Rb1 Nd7 42. Nxa4 Nxb4 43. Nxb4 Rc4 44. Nc5 Nxc5 45. dxc5 Bxc5 46. Nd3 Bb6 47. Ra1 Bd4 48. Rb1 Bb6 49. Ra1 Rc3 50. Ra6 Bd4 51. Nf4 e5 52. Ne2 Rb3 53. Nxd4 exd4 54. Rd6 Rxb5 55. Rd7+ Kg6 56. Rxd4 1/2-1/2